 Dungeon Crawl Stone Soup version 0.30.0-19-g36f170ea60 (webtiles) character file.

Game seed: 5445788575422471379

32890 Graphine the Spry (level 13, -1/114 HPs)
             Began as a Merfolk Monk on May 28, 2023.
             Was a High Priest of Okawaru.
             Slain by an azure jelly (5 damage)
             ... in an ice cave.
             The game lasted 00:58:43 (14964 turns).

Graphine the Spry (Merfolk Monk)                   Turns: 14964, Time: 00:58:46

Health: -1/114     AC: 20    Str: 19    XL:     13   Next: 67%
Magic:  13/13      EV: 28    Int:  9    God:    Okawaru [*****.]
Gold:   993        SH:  0    Dex: 21    Spells: 12/12 levels left

rFire   . . .        r - +5 long sword (drain)
rCold   + . .        d - orb {light}
rNeg    . . .        O - +3 ring mail of the Gravedigger {Str+4}
rPois   .            Q - +0 helmet
rElec   .            D - +2 cloak {Will+}
rCorr   .            n - +1 pair of gloves
SInv    .            (no boots)
Will    ++...        (no amulet)
Stlth   +            a - ring "Curemus" {rC+ Will+ AC+4}
HPRegen 0.39/turn    S - ring of Xemutiho {EV+5 Str+3}
MPRegen 0.13/turn

%: no passive effects
@: glowing
A: (nimble swimmer 2), mertail, iridescent scales 1, sense surroundings 1
a: Renounce Religion, Heroism, Finesse, Duel


You were in an ice cave.
You worshipped Okawaru.
Okawaru was extremely pleased with you.
You visited 4 branches of the dungeon, and saw 16 of its levels.
You also visited: Sewer and Ice Cave.

You collected 993 gold pieces.

Inventory:

Hand Weapons
 f - the +5 shortbow "Xonniam" {heavy, rF++ rC+}
   (You found it on level 8 of the Dungeon)

   rF:        It greatly protects you from fire.
   rC:        It protects you from cold.
 r - a +5 long sword of draining (weapon)
Missiles
 m - 3 datura-tipped darts
 t - 35 poisoned darts
 F - 23 boomerangs
 I - 4 silver javelins
 J - 2 javelins (quivered)
Armour
 d - an orb of light (worn)
 k - a +0 chain mail of cold resistance
 n - a +1 pair of gloves (worn)
 D - a +2 cloak of willpower (worn)
 O - the +3 ring mail of the Gravedigger (worn) {Str+4}
   (You found it on level 3 of the Lair of Beasts)

   Str:       It affects your strength (+4).
 Q - a +0 helmet (worn)
 R - the +2 cloak of the Thief {*Fog Slay-2 SInv Stlth+}
   (You found it on level 1 of the Lair of Beasts)

   *Fog:      It may release a thick cloud of smoke when the wearer is hurt.
   Slay:      It affects your accuracy & damage with ranged weapons and melee
   (-2).
   SInv:      It lets you see invisible.
   Stlth:     It makes you more stealthy.
 Y - an orb of wrath
Jewellery
 a - the ring "Curemus" (left hand) {rC+ Will+ AC+4}
   (You found it on level 8 of the Dungeon)

   [ring of protection]

   AC:        It affects your AC (+4).
   rC:        It protects you from cold.
   Will:      It increases your willpower.
 h - a ring of protection from fire
 E - a ring of protection from cold
 S - the ring of Xemutiho (right hand) {EV+5 Str+3}
   (You found it on level 2 of the Lair of Beasts)

   [ring of evasion]

   EV:        It affects your evasion (+5).
   Str:       It affects your strength (+3).
Wands
 B - a wand of mindburst (14)
 C - a wand of polymorph (5)
 H - a wand of quicksilver (6)
 N - a wand of digging (8)
 T - a wand of roots (3)
 X - a wand of flame (11)
Scrolls
 e - a scroll of identify
 l - a scroll of magic mapping
 y - a scroll of acquirement {unknown}
 M - a scroll of poison
 V - 2 scrolls of teleportation
Potions
 b - 2 potions of haste
 c - 4 potions of ambrosia
 g - a potion of heal wounds
 i - 3 potions of curing
 j - 4 potions of lignification
 o - 3 potions of brilliance
 p - 3 potions of mutation
 q - 4 potions of degeneration
 s - 2 potions of cancellation
 u - a potion of invisibility
 v - 3 potions of might
 w - 3 potions of magic
 x - a potion of berserk rage {unknown}
 G - a potion of attraction {unknown}
 P - 2 potions of flight {unknown}
 W - 3 potions of resistance
Miscellaneous
 U - a phial of floods


   Skills:
 + Level 14.5 Fighting
 - Level 14.0 Long Blades
 + Level 8.4 Throwing
 + Level 17.0 Dodging


You had 12 spell levels left.
You didn't know any spells.
Your spell library contained the following spells:

 Spells                   Type           Power      Damage    Failure   Level
 Apportation              Tloc           0%         N/A       56%         1
 Freeze                   Ice            0%         1d3       56%         1
 Necrotise                Necr           0%         1d4       56%         1
 Cigotuvi's Dreadful Rot  Necr/Pois/Air  0%         N/A       71%         2
 Static Discharge         Conj/Air       0%         2-2/arc   71%         2
 Frozen Ramparts          Ice            0%         1d1       91%         3
 Hailstorm                Conj/Ice       0%         3d3       91%         3
 Ozocubu's Armour         Ice            0%         N/A       91%         3
 Vhi's Electric Charge    Tloc/Air       0%         N/A       91%         3
 Airstrike                Air            0%         2d(0-16)  100%        4
 Dispel Undead            Necr           0%         3d6       100%        4
 Arcjolt                  Conj/Air       0%         1d10      100%        5
 Metabolic Englaciation   Hex/Ice        0%         N/A       100%        5
 Plasma Beam              Fire/Air       0%         2x1d11    100%        6
 Summon Small Mammal      Summ           Unusable   N/A       N/A         1
 Summon Lightning Spire   Summ/Air       Unusable   N/A       N/A         4
 Death Channel            Necr           Unusable   N/A       N/A         6
 Simulacrum               Ice/Necr       Unusable   N/A       N/A         6

Dungeon Overview and Level Annotations

Branches:
Dungeon (11/15)            Temple (1/1) D:5            Lair (4/5) D:9
  Swamp (0/4) Lair:3        Snake (1/4) Lair:2        Slime (0/5) Lair:4
  Sewer (visited)           IceCv (1/1)
    Orc: D:9-12

Altars:
Dithmenos
Elyvilon
Gozag
Hepliaklqana
Kikubaaqudgha
Nemelex Xobeh
Okawaru
Qazlal
Sif Muna
Trog
Uskayaw
Vehumet
Wu Jian
Xom
Yredelemnul
Zin
The Shining One
Jiyva


Innate Abilities, Weirdness & Mutations

((You are very nimble when in or above water. (Stealth+, EV+, Speed+++)))
Your lower body shifts to a powerful aquatic tail in water.
You are partially covered in iridescent scales. (AC +2)
You passively map a small area around you.


Message History

The azure jelly completely misses you.
Unknown command.
Hit: r) +5 long sword (drain)
Press: ? - help, Dir - move target, f/p - azure jelly
Aim: an azure jelly (almost dead, lightly drained, haloed, about 14% to evade your +5 long sword of draining)
You hit the azure jelly but do no damage.
You drain the azure jelly.
The azure jelly is almost dead.
The azure jelly closely misses you.
The azure jelly hits you but does no damage.
The azure jelly misses you.
The azure jelly hits you but does no damage.
The azure jelly misses you. The azure jelly hits you!
The azure jelly freezes you!! You resist.
* * * LOW HITPOINT WARNING * * *
The azure jelly completely misses you. The azure jelly closely misses you.
You feel much better.
The azure jelly hits you but does no damage. x2
The azure jelly closely misses you.
The azure jelly hits you but does no damage.
The azure jelly misses you. The azure jelly barely misses you. x2
The azure jelly misses you.
Hit: r) +5 long sword (drain)
Press: ? - help, Dir - move target, f/p - azure jelly
Aim: an azure jelly (almost dead, lightly drained, haloed, about 14% to evade your +5 long sword of draining)
You hit the azure jelly.
The azure jelly is almost dead.
The azure jelly closely misses you. x2
The azure jelly hits you but does no damage.
The azure jelly completely misses you. The azure jelly hits you.
The azure jelly freezes you!! You resist.
* * * LOW HITPOINT WARNING * * *
The azure jelly hits you.
* * * LOW HITPOINT WARNING * * *
The azure jelly freezes you!! You resist.
* * * LOW HITPOINT WARNING * * *
The azure jelly hits you.
* * * LOW HITPOINT WARNING * * *
The azure jelly hits you.
You die...

########### ###.......#
###########.......###
##...............####
####...........######...,,
#........#######*##.....
.......##########......# ,
....####............(#.( ,
...## #......#...J....._
....####.....###@J..(#. ,
......###.....####.....#
##.............# ..... , *
###.........### * #...
########### ## *


You could see 2 azure jellies.

Vanquished Creatures
  2 quicksilver oozes (IceCv)
  2 catoblepae
  A hydra (Lair:3)
  2 two-headed ogres
  A death yak (Lair:3)
  Urug (Lair:1)
  A skyshark (Lair:3)
  3 bog bodies (Lair:3)
  Pikel (D:8)
  A phantasmal warrior (Lair:2)
  A guardian serpent (Snake:1)
  Joseph (D:9)
  4 black mambas
  An ice statue (IceCv)
  11 cane toads
  A torpor snail (Lair:3)
  A gargoyle (D:10)
  4 komodo dragons
  A rime drake (Lair:3)
  2 trolls (D:11)
  A hornet (D:9)
  13 slime creatures (IceCv)
  Sigmund (D:2)
  39 yaks
  5 wyverns
  A shadow (D:9)
  A basilisk (D:9)
  A fire elemental (Lair:4)
  A human (Lair:2)
  3 nagas
  A swamp worm (Lair:3)
  An acid dragon (D:10)
  5 water moccasins (Lair:3)
  2 sky beasts (D:8)
  4 orc warriors
  2 ice beasts (D:6)
  A great orb of eyes simulacrum (IceCv)
  2 black bears
  3 centaurs
  10 wolves
  6 phantoms
  A slime creature simulacrum (IceCv)
  4 kobold brigands
  12 bullfrogs
  2 scorpions
  5 necrophages (Lair:4)
  4 glowing shapeshifter simulacra (IceCv)
  3 wights (D:8)
  11 killer bees
  9 howler monkeys
  2 electric eels
  4 orc priests
  A jelly (D:6)
  A sleepcap (D:5)
  Crazy Yiuf (D:5)
  2 hounds
  A gnoll bouda (D:5)
  Jessica (D:2)
  Natasha (D:4)
  12 orc wizards
  2 iguanas
  2 shapeshifter simulacra (IceCv)
  8 gnolls
  8 adders
  A shadow imp (D:5)
  A white imp (D:5)
  2 ufetubi
  3 worms
  37 orcs
  7 ball pythons
  12 bats
  4 endoplasms
  5 giant cockroaches
  5 hobgoblins
  4 jackals (D:1)
  6 quokkas
  5 frilled lizards
  9 goblins
  29 kobolds
  11 rats
383 creatures vanquished.

Notes
Turn   | Place    | Note
-------+----------+-------------------------------------------
     0 | D:1      | Graphine the Merfolk Monk began the quest for the Orb.
     0 | D:1      | Reached XP level 1. HP: 18/18 MP: 1/1
   134 | D:1      | Reached XP level 2. HP: 5/24 MP: 2/2
   371 | D:1      | Reached XP level 3. HP: 30/30 MP: 3/3
   701 | D:2      | Noticed Jessica
   711 | D:2      | Killed Jessica
   712 | D:2      | Reached skill level 5 in Dodging
   712 | D:2      | Reached XP level 4. HP: 29/37 MP: 4/4
  1021 | D:2      | Noticed Sigmund
  1036 | D:2      | Killed Sigmund
  1037 | D:2      | Reached skill level 5 in Fighting
  1037 | D:2      | Reached skill level 5 in Long Blades
  1037 | D:2      | Reached skill level 6 in Dodging
  1037 | D:2      | Reached XP level 5. HP: 39/44 MP: 5/5
  1037 | D:2      | Reached XP level 6. HP: 46/51 MP: 6/6
  1731 | D:3      | Found a glowing drain.
  1748 | Sewer    | Entered a sewer
  2012 | Sewer    | Reached XP level 7. HP: 35/56 MP: 7/7
  2682 | D:4      | Identified the +1 long sword of Dufot {flame, Str+3 Int-5
                  | Dex+3}
  2703 | D:4      | Reached skill level 7 in Dodging
  3147 | D:4      | Noticed Natasha
  3168 | D:4      | Killed Natasha
  3432 | D:4      | Reached XP level 8. HP: 65/65 MP: 8/8
  3459 | D:4      | Reached skill level 8 in Dodging
  3626 | D:5      | Entered Level 5 of the Dungeon
  3666 | D:5      | Found a staircase to the Ecumenical Temple.
  3676 | Temple   | Entered the Ecumenical Temple
  3693 | Temple   | Became a worshipper of Warmaster Okawaru
  3693 | Temple   | Reached * piety under Okawaru
  3693 | Temple   | Reached ** piety under Okawaru
  4287 | D:5      | Found a runed translucent door.
  4288 | D:5      | Noticed Crazy Yiuf
  4293 | D:5      | Killed Crazy Yiuf
  4294 | D:5      | Reached skill level 9 in Dodging
  4518 | D:6      | Reached XP level 9. HP: 46/74 MP: 9/9
  4610 | D:6      | Reached *** piety under Okawaru
  5044 | D:6      | You fall into a shaft and drop 3 floors!
  5077 | D:9      | Reached skill level 10 in Dodging
  5233 | D:9      | Reached **** piety under Okawaru
  5240 | D:9      | Reached skill level 10 in Long Blades
  5327 | D:9      | Reached skill level 11 in Dodging
  5443 | D:8      | Reached XP level 10. HP: 75/83 MP: 10/10
  5627 | D:8      | Noticed a two-headed ogre
  5633 | D:8      | Killed a two-headed ogre
  5793 | D:8      | Identified the +5 shortbow "Xonniam" {heavy, rF++ rC+}
  5832 | D:8      | Noticed Pikel
  5849 | D:8      | Killed Pikel
  5850 | D:8      | Reached skill level 10 in Fighting
  5852 | D:8      | Reached skill level 12 in Dodging
  5985 | D:8      | Identified the ring "Curemus" {rC+ Will+ AC+4}
  6172 | D:8      | Found a basalt altar of Yredelemnul.
  6799 | D:9      | Found a staircase to the Lair.
  6895 | D:9      | Gained mutation: You passively map a small area around you.
                  | [potion of mutation]
  6895 | D:9      | Gained mutation: You are partially covered in iridescent
                  | scales. (AC +2) [potion of mutation]
  6935 | D:9      | Noticed Joseph
  6952 | D:9      | Killed Joseph
  7216 | D:9      | Reached ***** piety under Okawaru
  7290 | D:9      | Reached XP level 11. HP: 92/92 MP: 11/11
  7502 | Lair:1   | Entered Level 1 of the Lair of Beasts
  7558 | Lair:1   | Noticed Urug
  7581 | Lair:1   | Killed Urug
  7582 | Lair:1   | Reached skill level 13 in Dodging
  7805 | Lair:1   | Found a transporter.
  7806 | Lair:1   | Found the +2 cloak of the Thief {*Fog Slay-2 SInv Stlth+}
  7809 | Lair:1   | Noticed a swamp dragon
  7809 | Lair:1   | Noticed a swamp dragon
  7809 | Lair:1   | Noticed a swamp dragon
  7809 | Lair:1   | Noticed a swamp dragon
  7809 | Lair:1   | Noticed a swamp dragon
  7848 | Lair:1   | Found a transporter.
  7864 | Lair:1   | Found a gate leading to a gauntlet.
  8318 | Lair:1   | Found a dark tunnel.
  8674 | Lair:2   | Found a staircase to the Snake Pit.
  8686 | Lair:2   | Received a gift from Okawaru
  8794 | Lair:2   | Identified the +1 long sword of Kinec {vamp, Will+ rCorr
                  | Stlth+}
  8864 | Lair:2   | Found a runed translucent door.
  8866 | Lair:2   | Noticed a phantasmal warrior
  8876 | Lair:2   | Killed a phantasmal warrior
  8877 | Lair:2   | Reached skill level 1 in Throwing
  8891 | Lair:2   | Received a gift from Okawaru
  9260 | Lair:2   | Identified the ring of Xemutiho {EV+5 Str+3}
  9445 | Snake:1  | Entered Level 1 of the Snake Pit
  9462 | Snake:1  | Found an opulent altar of Gozag.
  9609 | Snake:1  | Reached skill level 14 in Dodging
  9616 | Snake:1  | Noticed a naga sharpshooter
  9616 | Snake:1  | Noticed a salamander
  9896 | Lair:3   | Noticed a skyshark
  9913 | Lair:3   | Killed a skyshark
 10033 | Lair:3   | Noticed a bog body
 10039 | Lair:3   | Killed a bog body
 10040 | Lair:3   | Reached XP level 12. HP: 94/102 MP: 12/12
 10181 | Lair:3   | Noticed a catoblepas
 10196 | Lair:3   | Killed a catoblepas
 10337 | Lair:3   | Noticed an eight-headed hydra
 10345 | Lair:3   | Killed an 11-headed hydra
 10345 | Lair:3   | Identified the +8 halberd of Discretion {freeze, rN+ Int-3
                  | Dex+2} (Okawaru gifted it to you on level 3 of the Lair of
                  | Beasts)
 10345 | Lair:3   | Received a gift from Okawaru
 10345 | Lair:3   | Reached ****** piety under Okawaru
 10574 | Lair:3   | Identified the +3 ring mail of the Gravedigger {Str+4}
 10729 | Lair:3   | Reached skill level 5 in Throwing
 10997 | Lair:3   | Noticed a death yak
 11000 | Lair:3   | Reached skill level 15 in Dodging
 11019 | Lair:3   | Killed a death yak
 11034 | Lair:3   | Received a gift from Okawaru
 11376 | Lair:3   | Found a staircase to the Swamp.
 11550 | Lair:4   | Noticed a catoblepas
 11580 | Lair:4   | Killed a catoblepas
 11974 | Lair:4   | Reached XP level 13. HP: 111/111 MP: 13/13
 12183 | Lair:4   | Reached skill level 16 in Dodging
 12833 | Lair:4   | Found a viscous altar of Jiyva.
 12833 | Lair:4   | Found a staircase to the Slime Pits.
 13088 | Lair:1   | HP: 1/112 [poisoned by a swamp dragon (blast of poison)]
 13504 | D:10     | Entered Level 10 of the Dungeon
 14336 | D:10     | Found a hide-covered altar of Uskayaw.
 14493 | D:11     | Received a gift from Okawaru
 14543 | D:11     | Found a frozen archway.
 14588 | IceCv    | Entered an ice cave
 14673 | IceCv    | Received a gift from Okawaru
 14735 | IceCv    | Noticed a quicksilver ooze
 14744 | IceCv    | Killed a quicksilver ooze
 14823 | IceCv    | Noticed a quicksilver ooze
 14833 | IceCv    | Killed a quicksilver ooze
 14833 | IceCv    | Received a gift from Okawaru
 14848 | IceCv    | Reached skill level 17 in Dodging
 14952 | IceCv    | Found a viscous altar of Jiyva.
 14952 | IceCv    | Noticed an azure jelly
 14954 | IceCv    | Noticed an azure jelly
 14964 | IceCv    | HP: 4/114 [azure jelly (5)]
 14964 | IceCv    | Slain by an azure jelly

Illustrated notes

Levels and vault maps discovered:
D:1:      dpeg_arrival_tiny_a, layout_rooms, minmay_large_rounded_square
D:2:      layout_basic, uniq_sigmund, uniq_jessica
D:3:      layout_loops_ring, cheibrodos_sewer_entry_drain, kennysheep_path_1
D:4:      layout_rooms, minmay_pentomino_pile, uniq_natasha
D:5:      layout_basic, temple_fountains, uniq_crazy_yiuf_cottage
D:6:      layout_basic, kennysheep_mini, serial_shops, shop, uniq_menkaure
D:8:      layout_basic, mainiacjoe_overflow_cross_hatched, uniq_pikel
D:9:      layout_loops_ring, david_lair_generic, enter_bailey_4, uniq_joseph
D:10:     nicolae_moon_pools, layout_basic, nicolae_uskayaw_dance_studio
D:11:     layout_rooms, portal_ice_cave_entry_pillars_2, minmay_misc_feat_chi,
          serial_park_tiny_2
Temple:   dpeg_three_leaves_temple
Lair:1:   gammafunk_cloud_chamber, layout_hall_layers, gauntlet_entry_generic,
          enter_volcano_1, serial_bayou_shore_b, serial_bayou_shore_a, uniq_urug
Lair:2:   layout_misc_corridors, guppyfry_snake_entry_island,
          chequers_serial_rivers_small_a, pdpol_lair_cabin_in_the_woods,
          infiniplex_staircase_pool
Lair:3:   layout_cave_pods, nicolae_swamp_entry_splash_gauntlet,
          grunt_megastairs_4
Lair:4:   layout_gridlike, dpeg_slime_entry_corner,
          grunt_forest_small_clearings, roderic_carrion_pond
Snake:1:  layout_cave_pods, basic_altar
IceCv:    ice_cave_hellmonk_azure_passage

Skill      XL: |  1  2  3  4  5  6  7  8  9 10 11 12 13 |
---------------+----------------------------------------+-----
Long Blades    | 4 5 6 7 8 10 11 13 14 | 14.0
Fighting       | 4 5 6 7 9 10 12 13 14 | 14.5
Dodging        | 5 6 7 9 11 12 14 15 17 | 17.0
Throwing       | 3 6 8 |  8.4

Action                     |  1- 3 |  4- 6 |  7- 9 | 10-12 | 13-15 || total
---------------------------+-------+-------+-------+-------+-------++-------
  Melee: Falchion          |    84 |    61 |       |       |       ||   145
         Long sword        |       |    60 |   266 |   485 |   252 ||  1063
         Tailslap          |       |     2 |       |     1 |       ||     3
  Throw: Dart              |       |       |    40 |     4 |     4 ||    48
         Boomerang         |       |       |     4 |    16 |    33 ||    53
         Javelin           |       |       |       |    43 |    49 ||    92
 Invoke: Heroism           |       |       |       |     4 |     3 ||     7
  Evoke: Wand              |       |       |       |     5 |       ||     5
    Use: Scroll            |     1 |     4 |    13 |    12 |     5 ||    35
         Potion            |       |       |     3 |    10 |     3 ||    16
 Armour: Robe              |    12 |    21 |    68 |    66 |       ||   167
         Ring mail         |       |       |       |    59 |    68 ||   127
  Dodge: Dodged            |    67 |    84 |   225 |   639 |   356 ||  1371
